 Dungeon Crawl Stone Soup version 0.17-a0-157-g289cc6a (webtiles) character file.

36703 BluebellGnoll the Unseen (level 13, -2/70 HPs)
             Began as a Spriggan Berserker on Mar 25, 2015.
             Was a High Priest of Trog.
             Slain by a yak (12 damage)
             ... on level 8 of the Lair of Beasts on Mar 26, 2015.
             The game lasted 01:52:38 (17463 turns).

BluebellGnoll the Unseen (Spriggan Berserker)      Turns: 17463, Time: 01:52:38

Health: -2/70      AC:  5    Str: 17    XL:     13   Next: 54%
Magic:  27/27      EV: 24    Int: 10    God:    Trog [*****.]
Gold:   999        SH:  5    Dex: 15    Spells: 0 memorised, 12 levels left

rFire  + . .     SeeInvis +     E - +3 rapier (venom)
rCold  + . .     Clarity  .     C - +2 robe {rC+ rF+}
rNeg   + . .     SustAb   .     w - +0 buckler
rPois  +         Gourm    .     g - +1 hat
rElec  .         Spirit   .     (no cloak)
rCorr  .         Warding  +     (gloves unavailable)
rMut   .         Stasis   .     (boots unavailable)
MR     ++++.                    V - amulet of warding
Stlth  ++++++++..               Q - ring of poison resistance
                                T - +3 ring of slaying (curse)

@: regenerating, very quick, incredibly resistant to hostile enchantments,
extraordinarily stealthy
A: unfitting armour, see invisible, herbivore 3, speed 3, slow metabolism 2
a: Burn Spellbooks, Berserk, Trog's Hand, Brothers in Arms, Renounce Religion


You were on level 8 of the Lair of Beasts.
You worshipped Trog.
Trog was extremely pleased with you.
You were very full.

You visited 3 branches of the dungeon, and saw 18 of its levels.
You also visited: Bailey.

You collected 1417 gold pieces.
You spent 418 gold pieces at shops.

Inventory:

Hand weapons
 E - a +3 rapier of venom (weapon)
 P - a +4 antimagic rapier
Missiles
 k - 246 stones
 v - 13 tomahawks (quivered)
Armour
 g - a +1 hat (worn)
 w - a +0 buckler (worn)
 C - a +2 robe of resistance (worn)
 G - a +2 robe of positive energy
Jewellery
 O - the amulet of the Air {Inacc +Fly rElec EV+5 RMsl}
   (You found it on level 1 of the Lair of Beasts)

   [amulet of inaccuracy]

   It reduces the accuracy of all your attacks.
   It affects your evasion (+5).
   It insulates you from electricity.
   It lets you fly.
   It protects you from missiles.
 Q - a ring of poison resistance (right hand)
 T - a cursed +3 ring of slaying (left hand)
 V - an amulet of warding (around neck)
Magical devices
 a - a wand of confusion (9)
 f - a wand of digging (10)
 n - a wand of lightning (6)
 s - a wand of paralysis (14)
 D - a wand of draining (7)
Scrolls
 e - 5 scrolls of blinking
 h - 3 scrolls of identify
 p - 5 scrolls of remove curse
 t - 3 scrolls of fog
 u - a scroll of summoning
 y - 6 scrolls of teleportation
 H - a scroll of magic mapping
 N - a scroll of fear
Potions
 b - a potion of ambrosia {unknown}
 d - 2 potions of might
 i - 5 potions of heal wounds
 j - a potion of haste
 l - 4 potions of curing
 A - 2 potions of resistance
 B - 2 potions of lignification {unknown}
 F - a potion of magic
Comestibles
 c - 7 bread rations


   Skills:
 - Level 9.2 Fighting
 - Level 13.2 Short Blades
 - Level 9.0 Throwing
 * Level 10.4 Dodging
 + Level 18.9 Stealth
 * Level 5.9 Evocations


You had 12 spell levels left.
You didn't know any spells.

Dungeon Overview and Level Annotations

Branches:
Dungeon (9/15)             Temple (1/1) D:4            Lair (8/8) D:8
  Swamp (0/5) Lair:4        Snake (0/5) Lair:6        Slime (0/6) Lair:7
    Orc: D:9-12

Altars:
Makhleb
Nemelex Xobeh
Okawaru
Trog
Xom
Yredelemnul
Zin
The Shining One
Jiyva

Shops:
D:4 !   D:6 [?(   D:8 (

Annotations:
Lair:6 exclusion: oklob plant


Innate Abilities, Weirdness & Mutations

You are tiny and cannot use many weapons and most armour.
You have supernaturally acute eyesight.
You are a herbivore.
You cover ground extremely quickly.
You need consume almost no food.


Message History

You barely miss the yak.
The yak is heavily wounded.
You closely miss the yak.
The yak is heavily wounded.
You block the yak's attack.
You hit the yak!
The yak is severely wounded.
You block the yak's attack.
You hit the yak.
The yak is severely wounded.
You hit the yak but do no damage.
The yak is severely wounded.
The yak gores you!
* * * LOW HITPOINT WARNING * * *
You hit the yak!
The yak is almost dead.
You completely miss the yak.
The yak is almost dead.
The yak gores you!
You die...

## ## ## .#.######
####..#.....P.#.
##......@........
........Y†.##....
..## ##....#....##
.....##.....#P.##.
#.....#......#...
..
..Y........#.....
##.
.....P.Y.Y..#....Y
..
.......Y.Y...#$.
............## .


You could see a yak.

Vanquished Creatures
  The ghost of Grim the Brawler, a powerful TrMo of Cheibriados (Lair:6)
  Snorg (Lair:4)
  3 hydras
  An anaconda (Lair:6)
  A death yak (Lair:8)
  An orc knight (Bailey)
  2 griffons
  8 elephants (Lair:5)
  Psyche (D:8)
  12 spiny frogs
  4 fire drakes
  A queen bee (Lair:5)
  7 komodo dragons
  A troll (D:9)
  Grinder (D:5)
  A blink frog (Lair:2)
  2 two-headed ogres
  A spriggan (D:7)
  3 basilisks
  A deep elf mage (D:9)
  45 yaks
  A deep elf fighter (D:8)
  3 wyverns
  4 hippogriffs
  Edmund (D:7)
  5 nagas (Lair:6)
  7 water moccasins
  11 porcupines
  5 black bears
  3 orc warriors
  A wasp (D:8)
  2 phantoms
  A sky beast (D:5)
  4 ogres
  2 ice beasts
  4 centaurs
  Duvessa (D:7)
  10 crocodiles
  9 giant frogs
  3 big kobolds
  Blork the orc (D:7)
  A water moccasin skeleton (D:8)
  A scorpion (D:4)
  An electric eel (Lair:3)
  25 killer bees (Lair:5)
  2 goliath beetles (D:6)
  Dowan (D:7)
  3 jellies
  5 crimson imps
  4 giant frog zombies
  8 worker ants
  3 orc priests
  2 centaur skeletons
  7 hounds
  12 orc wizards
  12 iguanas
  11 sheep
  A worker ant zombie (D:5)
  7 gnolls
  17 adders
  38 river rats
  2 giant mites
  4 worms
  A shadow imp (D:7)
  An adder skeleton (D:4)
  An adder zombie (D:7)
  An ooze (D:2)
  58 orcs
  2 ball pythons
  A bat skeleton (D:7)
  7 giant cockroaches
  20 goblins
  9 hobgoblins
  9 jackals
  11 quokkas
  15 bats
  4 giant geckos
  A giant spore (D:9)
  A jackal zombie (D:9)
  26 kobolds
  24 rats
  A spectral orc (D:2)
  2 ballistomycetes (D:9)
538 creatures vanquished.

Vanquished Creatures (collateral kills)
  4 orc knights (Bailey)
  4 orc warriors (Bailey)
  A gnoll (Bailey)
  5 orcs (Bailey)
14 creatures vanquished.

Vanquished Creatures (others)
  An orc knight (Bailey)
  3 fungi
  3 plants
7 creatures vanquished.

Grand Total: 559 creatures vanquished

Notes
Turn   | Place    | Note
--------------------------------------------------------------
     0 | D:1      | BluebellGnoll, the Spriggan Berserker, began the quest for the Orb.
     0 | D:1      | Reached XP level 1. HP: 11/11 MP: 2/2
    91 | D:1      | Reached skill level 1 in Stealth
   470 | D:1      | Reached XP level 2. HP: 14/16 MP: 4/4
   779 | D:2      | Acquired Trog's second power
   924 | D:2      | Reached XP level 3. HP: 19/19 MP: 6/6
  1004 | D:2      | Reached skill level 5 in Stealth
  1138 | D:2      | Found a basalt altar of Yredelemnul.
  1427 | D:3      | Reached XP level 4. HP: 21/23 MP: 8/8
  1620 | D:3      | Reached skill level 6 in Stealth
  1876 | D:3      | Reached XP level 5. HP: 27/27 MP: 10/10
  1881 | D:3      | Found a glowing golden altar of the Shining One.
  1970 | D:4      | Noticed an ice beast
  2008 | D:4      | Killed an ice beast
  2008 | D:4      | Reached skill level 7 in Stealth
  2078 | D:4      | Noticed an ogre
  2112 | D:4      | Killed an ogre
  2112 | D:4      | Reached skill level 5 in Short Blades
  2112 | D:4      | Reached XP level 6. HP: 32/32 MP: 12/12
  2177 | D:4      | Reached skill level 8 in Stealth
  2298 | D:4      | Found Birgh's Distillery.
  2318 | D:4      | Bought a potion of poison for 14 gold pieces
  2318 | D:4      | Bought a potion of curing for 42 gold pieces
  2318 | D:4      | Bought a potion of mutation for 35 gold pieces
  2335 | D:4      | Found a staircase to the Ecumenical Temple.
  2345 | Temple   | Entered the Ecumenical Temple
  2598 | D:5      | Entered Level 5 of the Dungeon
  2600 | D:5      | Reached skill level 9 in Stealth
  2600 | D:5      | Reached XP level 7. HP: 35/35 MP: 14/14
  2602 | D:5      | Acquired Trog's third power
  2869 | D:5      | Reached skill level 10 in Stealth
  3200 | D:5      | Found a basalt altar of Yredelemnul.
  3263 | D:5      | Noticed Grinder
  3281 | D:5      | Reached skill level 5 in Dodging
  3319 | D:5      | Killed Grinder
  3319 | D:5      | Reached XP level 8. HP: 39/39 MP: 16/16
  3585 | D:5      | You fall through a shaft for 2 floors!
  3585 | D:7      | Noticed Duvessa
  3585 | D:7      | Noticed Dowan
  3598 | D:7      | Killed Duvessa
  3604 | D:7      | Killed Dowan
  3925 | D:7      | Noticed Blork the orc
  3948 | D:7      | Killed Blork the orc
  4198 | D:7      | Reached XP level 9. HP: 28/43 MP: 18/18
  4325 | D:7      | Noticed Edmund
  4328 | D:7      | Killed Edmund
  4328 | D:7      | Reached skill level 10 in Dodging
  4568 | D:7      | Found a sparkling altar of Nemelex Xobeh.
  4817 | D:6      | Found Katiazie's Antique Weapon Shoppe.
  4875 | D:6      | Found Loohydib's Magic Scroll Boutique.
  4896 | D:6      | Found Owoquang's Antique Armour Boutique.
  4941 | D:6      | Found a glowing silver altar of Zin.
  4943 | D:6      | Found a bloodstained altar of Trog.
  4943 | D:6      | Found an iron altar of Okawaru.
  4965 | D:6      | Reached skill level 11 in Stealth
  5040 | D:6      | Bought a steaming cloak for 180 gold pieces
  5045 | D:6      | Identified the cursed +0 cloak of Joy {rPois rC- rCorr} (You bought it in a shop on level 6 of the Dungeon)
  5140 | D:6      | Bought a scroll of teleportation for 42 gold pieces
  5140 | D:6      | Bought a scroll of fear for 49 gold pieces
  5140 | D:6      | Bought a scroll of identify for 28 gold pieces
  5140 | D:6      | Bought a scroll of identify for 28 gold pieces
  5503 | D:6      | Reached skill level 12 in Stealth
  6099 | D:8      | Reached skill level 10 in Short Blades
  6214 | D:8      | Received a gift from Trog
  6239 | D:8      | Reached skill level 13 in Stealth
  6311 | D:8      | Found Tumodua's Antique Weapon Boutique.
  6355 | D:8      | Reached skill level 1 in Throwing
  6622 | D:8      | Reached XP level 10. HP: 41/49 MP: 19/19
  6777 | D:8      | Found a staircase to the Lair.
  6844 | D:8      | Received a gift from Trog
  6866 | D:8      | Noticed Psyche
  6877 | D:8      | Killed Psyche
  6877 | D:8      | Reached skill level 5 in Fighting
  6904 | D:8      | Found a shimmering altar of Xom.
  7229 | D:9      | Found a flagged portal.
  7468 | Bailey   | Entered a bailey
  7722 | Bailey   | Noticed an orc knight
  7722 | Bailey   | Noticed an orc knight
  7788 | Bailey   | Killed an orc knight
  7796 | Bailey   | Killed an orc knight
  7838 | Bailey   | Noticed an orc knight
  7899 | Bailey   | Killed an orc knight
  7927 | Bailey   | Noticed an orc knight
  8019 | Bailey   | Banished an orc knight
  8172 | Bailey   | Noticed an orc knight
  8176 | Bailey   | Noticed an orc knight
  8258 | Bailey   | Killed an orc knight
  8263 | Bailey   | Killed an orc knight
  8366 | D:9      | Reached XP level 11. HP: 47/60 MP: 20/20
  8538 | D:9      | Found a burning altar of Makhleb.
  9164 | Lair:1   | Entered Level 1 of the Lair of Beasts
  9703 | Lair:1   | Received a gift from Trog
 10291 | Lair:2   | Reached skill level 14 in Stealth
 11229 | Lair:3   | Reached skill level 15 in Stealth
 11826 | Lair:3   | Reached XP level 12. HP: 66/66 MP: 21/21
 11829 | Lair:3   | Received a gift from Trog
 12346 | Lair:4   | Upgraded the game from 0.17-a0-146-gd505748 to 0.17-a0-157-g289cc6a
 12449 | Lair:4   | Noticed Snorg
 12457 | Lair:4   | Killed Snorg
 12580 | Lair:4   | Reached skill level 16 in Stealth
 12624 | Lair:4   | You fall through a shaft for 2 floors!
 12686 | Lair:6   | Received a gift from Trog
 12772 | Lair:6   | Noticed an anaconda
 13258 | Lair:4   | Found a staircase to the Swamp.
 13829 | Lair:5   | Reached skill level 1 in Evocations
 14123 | Lair:5   | Reached skill level 5 in Evocations
 14273 | Lair:5   | Received a gift from Trog
 14417 | Lair:5   | Reached skill level 17 in Stealth
 14955 | Lair:5   | Noticed a six-headed hydra
 14962 | Lair:5   | Killed a six-headed hydra
 15015 | Lair:5   | Reached skill level 5 in Throwing
 15354 | Lair:6   | Noticed Grim's ghost (powerful TrMo)
 15453 | Lair:6   | Killed Grim's ghost
 15453 | Lair:6   | Reached XP level 13. HP: 27/70 MP: 9/27
 15546 | Lair:6   | Found a staircase to the Snake Pit.
 15811 | Lair:6   | Received a gift from Trog
 15863 | Lair:6   | Killed an anaconda
 16320 | Lair:7   | Received a gift from Trog
 16453 | Lair:7   | Received a gift from Trog
 16638 | Lair:7   | Found a staircase to the Slime Pits.
 16639 | Lair:7   | Found a viscous altar of Jiyva.
 16672 | Lair:7   | Reached skill level 18 in Stealth
 16838 | Lair:7   | Received a gift from Trog
 17398 | Lair:8   | Entered Level 8 of the Lair of Beasts
 17463 | Lair:8   | Slain by a yak

Action                   |  1- 3 |  4- 6 |  7- 9 | 10-12 | 13-15 || total
-------------------------+-------+-------+-------+-------+-------++-------
Melee: Short sword       |    31 |    19 |    28 |       |       ||    78
       Dagger            |    61 |    78 |   762 |   285 |       ||  1186
       Rapier            |       |       |       |   925 |   278 ||  1203
 Fire: Blowgun           |       |       |    16 |    16 |       ||    32
       Hunting sling     |       |       |       |    36 |       ||    36
Throw: Stone             |       |     4 |     6 |     6 |     1 ||    17
       Tomahawk          |       |       |     3 |    31 |    19 ||    53
Invok: Trog's Hand       |       |       |     5 |    22 |     7 ||    34
       Berserk           |       |       |     3 |       |       ||     3
       Burn Spellbooks   |       |       |     1 |     2 |       ||     3
       Brothers in Arms  |       |       |       |     5 |       ||     5
Evoke: Wand              |       |       |     3 |    35 |       ||    38
  Use: Scroll            |       |       |    17 |    18 |     1 ||    36
       Potion            |       |       |       |    11 |       ||    11
 Stab: Sleeping          |     8 |    13 |    20 |    33 |    16 ||    90
       Distracted        |       |       |     4 |     1 |     2 ||     7
       Confused          |       |       |     1 |     8 |       ||     9
       Invisible         |       |       |       |     1 |       ||     1
       Paralysed         |       |       |       |     2 |       ||     2
  Eat: Bread ration      |       |       |     1 |     2 |       ||     3
       Fruit             |       |       |     2 |     2 |       ||     4
       Pizza             |       |       |       |     1 |       ||     1
       Royal jelly       |       |       |       |       |     4 ||     4
